Map: Graystone Ravine

Players

Ekelpack - Winner!

  • Race: Zerg Zerg
  • Spawn Location: 5:00

Nyck - Winner!

  • Race: Terran Terran
  • Spawn Location: 3:00

YaD

  • Race: Protoss Protoss
  • Spawn Location: 9:00

Mugaba

  • Race: Protoss Protoss
  • League: Bronze
  • Spawn Location: 11:00

VOD

Have the link to the VOD?

Description

Time

  • Played on: Oct. 2, 2024, 1:45 p.m.
  • Length: 19:43
Show
View Real Time Build Order
Export as new Build Order

Ekelpack Zerg - Winner!

Build Orders: Hatch First 

Get SALT Encoding   

  12  0:01  Drone  
  13  0:12  Overlord  
  13  0:18  Drone  
  14  0:31  Drone  
  15  0:48  Hatchery  
  15  0:49  Drone  
  15  1:05  Spawning Pool  
  15  1:08  Drone  
  15  1:12  Drone  
  15  1:16  Drone  
  17  1:23  Drone, Extractor  
  17  1:30  Drone  
  18  1:41  Drone  
  19  1:58  Drone  
  20  2:06  Drone, Queen  
  20  2:07  Queen  
  25  2:11  Overlord  
  25  2:21  Zergling x4  
  27  2:23  Metabolic Boost  
  27  2:31  Drone  
  28  2:42  Drone x3  
  31  2:55  Extractor  
  31  2:56  Drone x4  
  31  2:57  Extractor  
  33  3:09  Overlord  
  33  3:10  Drone  
  34  3:15  Extractor  
  34  3:16  Drone  
  34  3:17  Lair  
  34  3:18  Overlord  
  34  3:36  Drone x3  
  34  3:37  Drone x4  
  41  4:00  Drone x2  
  41  4:01  Drone x2  
  45  4:09  Overlord  
  45  4:10  Overlord  
  45  4:12  Drone x2  
  45  4:13  Drone  
  48  4:21  Spire  
  47  4:42  Queen  
  47  4:44  Hatchery  
  48  4:56  Overlord x2  
  48  5:33  Zerg Flyer Weapons Level 1, Mutalisk x5  
  48  5:34  Mutalisk x7  
  72  6:03  Extractor  
  71  6:04  Extractor  
  70  6:20  Drone x3, Overlord x2  
  70  6:22  Drone x6  
  70  6:23  Drone x5  
  84  6:32  Drone  
  85  6:42  Infestation Pit  
  82  6:52  Mutalisk x6  
  82  6:53  Mutalisk  
  96  6:55  Zergling x10  
  101  7:38  Hive  
  101  7:41  Evolution Chamber  
  99  7:44  Evolution Chamber  
  98  7:53  Drone x3  
  98  7:54  Drone x2, Overlord x2  
  98  7:55  Overlord x2  
  98  7:57  Mutalisk  
  105  8:08  Zergling x2  
  106  8:14  Mutalisk x6  
  106  8:15  Mutalisk  
  120  8:23  Zergling x12, Overlord  
  120  8:24  Overlord x2  
  88  9:03  Zergling x12  
  88  9:04  Zergling x10  
  88  9:09  Zerg Melee Weapons Level 1, Adrenal Glands  
  99  9:15  Ultralisk Cavern  
  98  9:19  Queen  
  98  9:21  Zergling x4  
  98  9:22  Hatchery, Zergling x4  
  103  9:34  Zergling x2  
  103  9:35  Zergling x6  
  107  9:43  Zerg Ground Armor Level 1  
  106  9:51  Zergling x2  
  106  9:52  Zergling x14  
  106  9:53  Zergling x4  
  97  10:03  Chitinous Plating  
  97  10:10  Ultralisk x3  
  97  10:11  Ultralisk x3  
  133  10:34  Zergling x4  
  133  10:35  Zergling x14  
  140  10:36  Zergling x4  
  140  11:05  Ultralisk x3  
  154  11:17  Ultralisk  
  154  11:18  Overlord x4  
  160  11:25  Anabolic Synthesis  
  160  11:26  Zerg Melee Weapons Level 2  
  160  11:38  Ultralisk x2  
  172  11:46  Overlord  
  172  11:52  Hatchery  
  171  11:58  Ultralisk x2  
  177  12:29  Ultralisk x2  
  195  12:30  Ultralisk, Zerg Ground Armor Level 2  
  195  12:42  Extractor  
  180  13:03  Ultralisk x2  
  180  13:04  Ultralisk  
  151  13:41  Ultralisk x3, Mutalisk  
  147  13:42  Zergling x2  
  147  13:43  Zergling x14  
  147  13:44  Zergling x6  
  150  14:03  Corruptor x3  
  150  14:04  Corruptor  
  158  14:40  Corruptor x3  
  158  14:41  Corruptor x3  
  169  14:46  Extractor  
  166  15:05  Corruptor x4  
  166  15:06  Corruptor  
  156  15:31  Zerg Melee Weapons Level 3  
  156  15:32  Zerg Ground Armor Level 3  
  156  15:35  Zergling x12  
  159  15:36  Zergling x4  
  159  15:40  Overlord  
  144  15:58  Overlord x4  
  129  16:50  Ultralisk x5  
  159  17:39  Hatchery  
  158  17:47  Pneumatized Carapace  
  158  17:48  Corruptor  
  158  17:49  Corruptor x6  
  158  17:50  Corruptor  
  174  18:36  Extractor  
  174  18:39  Overlord x2, Ultralisk, Extractor  
  174  18:40  Ultralisk x2  
  150  19:23  Drone x3  
Show
View Real Time Build Order
Export as new Build Order

Nyck Terran - Winner!

Build Orders:  

Get SALT Encoding   

  12  0:00  SCV  
  13  0:12  SCV  
  14  0:19  Supply Depot  
  14  0:25  SCV  
  15  0:40  SCV  
  15  0:41  Barracks  
  16  0:52  SCV  
  16  0:53  Refinery  
  17  0:57  Refinery  
  17  1:04  SCV  
  18  1:16  SCV  
  19  1:34  Reaper  
  19  1:37  Supply Depot  
  19  1:39  Orbital Command  
  20  2:08  Barracks  
  20  2:25  SCV  
  21  2:38  SCV  
  21  2:57  Barracks  
  20  2:58  Engineering Bay  
  20  3:03  SCV, Engineering Bay, Factory  
  21  3:09  Barracks Tech Lab  
  21  3:15  SCV  
  21  3:16  Barracks Tech Lab  
  22  3:28  SCV  
  23  3:39  Terran Infantry Weapons Level 1, Terran Infantry Armor Level 1  
  23  3:40  SCV  
  24  3:45  Supply Depot, Barracks  
  24  3:50  Starport  
  24  3:52  Factory Reactor  
  24  4:03  Marine x2  
  24  4:06  Combat Shield  
  24  4:07  Supply Depot  
  26  4:25  Marine x2  
  26  4:26  Marine  
  29  4:38  Barracks Reactor  
  29  4:50  Supply Depot  
  29  4:51  Command Center  
  29  4:52  Medivac  
  31  4:57  Marine  
  31  4:59  Marine  
  35  5:13  Marine  
  34  5:16  Marine  
  34  5:17  Marine  
  36  5:27  Command Center  
  36  5:36  Armory  
  36  5:58  Medivac  
  36  5:59  Medivac  
  39  6:18  SCV  
  40  6:26  Terran Infantry Weapons Level 2  
  40  6:32  Marine x2  
  42  6:33  Marine x3  
  42  6:38  SCV  
  46  6:50  Marine x3  
  49  6:57  Planetary Fortress  
  49  7:03  Marine  
  49  7:04  Marine  
  49  7:06  Stimpack  
  49  7:08  Marine  
  52  7:10  Barracks  
  37  7:37  SCV  
  37  7:42  Orbital Command  
  38  7:49  SCV x2  
  40  7:54  Barracks Reactor  
  40  8:03  Barracks Reactor  
  40  8:07  Marine x2  
  40  8:08  Marine x2  
  40  8:10  SCV  
  45  8:17  Refinery  
  46  8:20  SCV  
  46  8:23  SCV  
  46  8:24  Refinery  
  46  8:26  Marine  
  46  8:27  Marine x3, Refinery  
  51  8:35  SCV  
  51  8:36  Marine x2  
  51  8:41  SCV  
  55  8:44  Marine x2  
  55  8:45  Marine x2  
  55  8:47  SCV  
  55  8:48  SCV  
  61  8:49  Refinery  
  61  8:53  SCV  
  62  9:00  SCV x2  
  64  9:05  SCV  
  65  9:12  SCV x2  
  67  9:17  SCV  
  67  9:24  SCV x2  
  69  9:29  SCV  
  69  9:30  Marine x4  
  69  9:31  Marine  
  75  9:36  SCV x2  
  75  9:37  Terran Infantry Armor Level 2  
  72  9:53  Missile Turret  
  72  10:00  SCV x2  
  72  10:06  Missile Turret  
  74  10:10  SCV  
  74  10:12  SCV  
  74  10:13  SCV, Missile Turret  
  77  10:22  SCV  
  77  10:24  SCV  
  77  10:25  SCV  
  80  10:32  Missile Turret  
  80  10:35  SCV  
  80  10:37  SCV x2  
  79  10:47  SCV  
  79  10:49  SCV  
  75  11:30  Supply Depot  
  75  11:39  Terran Infantry Weapons Level 3  
  75  11:44  Supply Depot  
  75  11:51  Marine x3  
  75  11:53  Supply Depot  
  78  12:00  Concussive Shells  
  78  12:05  SCV, Marine x3  
  78  12:06  Marauder x2  
  86  12:12  SCV  
  86  12:13  Terran Infantry Armor Level 3  
  87  12:18  SCV  
  87  12:20  Marine  
  87  12:22  Marine  
  90  12:25  SCV  
  90  12:27  Marauder x2  
  95  12:30  SCV  
  97  12:37  SCV  
  97  12:42  SCV  
  98  12:49  SCV  
  59  13:39  Marine x3  
  59  13:40  Marine x4  
  59  13:41  Marine  
  56  13:43  Viking x2  
  60  13:58  Terran Vehicle And Ship Armor Level 1  
  60  14:10  Command Center  
  60  14:13  Viking x2  
  64  14:17  SCV x2  
  64  14:21  Marine x4  
  70  14:25  Marine  
  66  14:35  SCV  
  67  14:43  Viking x2  
  71  14:47  SCV x2  
  73  14:55  Marine x4  
  73  14:59  SCV x2  
  79  15:09  Armory  
  79  15:11  SCV x2  
  79  15:13  Viking  
  83  15:24  SCV  
  83  15:25  Command Center  
  84  15:36  SCV, Viking  
  84  15:37  Marine x3  
  78  16:02  Marine x5  
  78  16:03  Marine  
  72  16:24  SCV x2  
  69  16:36  Refinery  
  69  16:37  Orbital Command  
  69  16:41  Refinery  
  69  16:42  Marine x5  
  69  16:43  Marine  
  69  16:44  Viking  
  69  16:45  Viking  
  79  16:47  SCV x2  
  79  16:53  Terran Vehicle And Ship Armor Level 2  
  81  16:59  SCV x2  
  83  17:11  SCV x2  
  83  17:13  SCV  
  83  17:15  Marine x6  
  89  17:16  Marine x2  
  94  17:22  Viking  
  96  17:33  SCV x3, Marine x4  
  96  17:34  Marine x3  
  106  17:53  Viking x2  
  106  17:56  Marine  
  106  17:57  Marine x6  
  106  17:58  Marine  
  117  18:07  Missile Turret  
  117  18:10  Missile Turret  
  117  18:14  Marine x2  
  117  18:18  Missile Turret  
  119  18:21  SCV x3  
  122  18:27  Missile Turret  
  122  18:30  Missile Turret  
  122  18:33  SCV x2  
  122  18:34  SCV  
  125  18:38  Missile Turret  
  124  18:48  Missile Turret  
  124  18:51  Missile Turret  
  124  19:13  Marine  
  124  19:14  Marine x2  
  125  19:27  Supply Depot  
  125  19:28  Supply Depot  
Show
View Real Time Build Order
Export as new Build Order

YaD Protoss 

Build Orders:  

Get SALT Encoding   

  12  0:03  Probe (Chrono Boost)  
  13  0:12  Probe (Chrono Boost)  
  14  0:17  Probe (Chrono Boost)  
  15  0:33  Pylon  
  15  0:51  Probe  
  15  0:56  Gateway  
  16  1:00  Gateway  
  16  1:03  Assimilator, Probe (Chrono Boost)  
  17  1:14  Probe (Chrono Boost)  
  18  1:18  Probe (Chrono Boost)  
  19  1:30  Probe  
  20  1:42  Probe  
  20  1:45  Cybernetics Core  
  21  1:56  Probe  
  22  2:08  Nexus  
  22  2:11  Pylon  
  22  2:14  Probe  
  22  2:15  Assimilator  
  23  2:20  Pylon  
  23  2:24  Warp Gate  
  23  2:29  Probe  
  24  2:41  Probe  
  25  2:44  Stalker  
  27  2:52  Twilight Council  
  27  2:53  Probe  
  28  3:04  Stalker  
  30  3:06  Probe (Chrono Boost)  
  31  3:18  Probe (Chrono Boost)  
  32  3:24  Robotics Facility  
  32  3:25  Probe (Chrono Boost)  
  34  3:27  Probe (Chrono Boost)  
  34  3:31  Charge (Chrono Boost)  
  34  3:33  Probe (Chrono Boost)  
  35  3:36  Probe (Chrono Boost)  
  35  3:38  Probe (Chrono Boost)  
  37  3:46  Probe  
  38  3:49  Probe  
  38  3:55  Gateway  
  39  3:58  Gateway, Probe  
  39  4:01  Probe  
  41  4:10  Probe  
  41  4:11  Observer  
  41  4:13  Probe  
  41  4:16  Pylon  
  44  4:20  Pylon  
  44  4:23  Assimilator  
  44  4:25  Assimilator  
  44  4:26  Probe (Chrono Boost)  
  44  4:30  Probe (Chrono Boost)  
  46  4:34  Warp Prism  
  49  4:39  Probe (Chrono Boost)  
  49  4:41  Gateway  
  49  4:45  Gateway  
  49  4:51  Gateway  
  49  4:55  Gateway  
  49  5:00  Gateway  
  49  5:05  Pylon  
  49  5:09  Probe  
  50  5:21  Probe  
  51  5:33  Probe  
  52  5:47  Templar Archives  
  52  5:48  Blink (Chrono Boost), Robotics Bay  
  52  5:57  Stalker x2  
  52  5:58  Stalker x4  
  52  5:59  Stalker x2  
  68  6:05  Probe  
  69  6:30  Stalker x4  
  77  6:38  Forge  
  77  6:40  Forge  
  77  6:43  Pylon  
  75  6:47  Pylon  
  75  6:50  Pylon  
  74  6:54  Extended Thermal Lance  
  74  7:11  Zealot x4  
  74  7:12  Zealot x4  
  90  7:28  Zealot  
  80  7:40  Nexus  
  80  7:41  Pylon  
  72  7:44  Protoss Ground Weapons Level 1 (Chrono Boost)  
  72  7:45  Protoss Ground Armor Level 1 (Chrono Boost), Pylon  
  72  7:48  Pylon  
  72  7:56  Probe  
  72  7:57  Psionic Storm  
  73  8:09  Probe x2  
  75  8:15  Pylon  
  75  8:18  Pylon  
  75  8:21  Probe x2, Pylon  
  77  8:28  Stalker x2  
  77  8:29  Stalker x2  
  77  8:33  Probe  
  86  9:06  Probe (Chrono Boost)  
  87  9:13  Stalker  
  87  9:14  Stalker x6  
  87  9:15  Stalker x2  
  87  9:16  Probe (Chrono Boost)  
  106  9:21  Probe (Chrono Boost)  
  106  9:22  Gravitic Boosters  
  107  9:28  Colossus  
  113  9:40  Assimilator  
  113  9:44  Assimilator  
  105  10:04  Stalker x5, Protoss Ground Armor Level 2 (Chrono Boost)  
  105  10:05  Stalker  
  117  10:10  Protoss Ground Weapons Level 2 (Chrono Boost)  
  117  10:16  Probe  
  117  10:20  Gravitic Drive  
  118  10:25  Colossus (Chrono Boost)  
  118  10:28  Probe  
  125  10:40  Probe  
  125  10:41  Stalker x5  
  132  11:03  Zealot  
  132  11:04  Zealot x7  
  136  11:05  Zealot  
  146  11:15  Colossus (Chrono Boost)  
  152  11:22  Shield Battery  
  152  11:26  Photon Cannon  
  152  11:28  Photon Cannon  
  152  11:31  Photon Cannon  
  152  11:32  Photon Cannon  
  152  11:36  Photon Cannon  
  152  11:37  Photon Cannon  
  152  11:38  Pylon x2  
  152  11:41  Pylon  
  152  11:45  Pylon  
  152  11:46  High Templar x2  
  152  11:47  High Templar x3  
  162  12:00  Stalker x2  
  162  12:01  Stalker x2  
  170  12:18  Warp Prism  
  172  12:46  Nexus  
  172  12:49  Pylon  
  168  12:51  Pylon  
  168  12:56  Stalker x5  
  168  12:57  Stalker x2  
  74  13:28  Zealot x2  
  74  13:29  Zealot x4  
  81  13:40  Zealot  
  58  13:56  Zealot  
  58  13:57  Zealot x4  
  58  14:00  Probe (Chrono Boost)  
  70  14:10  Probe (Chrono Boost)  
  71  14:17  Probe (Chrono Boost)  
  71  14:18  Probe (Chrono Boost)  
  71  14:20  Nexus  
  71  14:21  Pylon  
  71  14:23  Pylon  
  72  14:27  Probe (Chrono Boost)  
  72  14:30  Probe (Chrono Boost)  
  74  14:32  Probe (Chrono Boost)  
  75  14:43  Cybernetics Core, Probe  
  76  14:50  Zealot  
  76  14:51  Zealot x4  
  86  14:55  Probe  
  87  15:06  Nexus  
  87  15:08  Pylon  
  87  15:09  Probe (Chrono Boost)  
  87  15:10  Pylon  
  74  15:19  Probe (Chrono Boost)  
  69  15:24  Probe (Chrono Boost)  
  70  15:32  Robotics Facility  
  70  15:34  Robotics Facility  
  70  15:35  Probe (Chrono Boost)  
  71  15:36  Robotics Facility  
  71  15:41  Assimilator  
  71  15:43  Assimilator  
  71  15:44  Probe (Chrono Boost)  
  71  15:49  Probe (Chrono Boost)  
  73  16:01  Probe  
  74  16:11  Nexus  
  74  16:14  Pylon  
  74  16:16  Pylon  
  74  16:18  Pylon  
  74  16:25  Stalker x4  
  80  16:26  Stalker  
  64  16:50  Immortal  
  64  16:51  Immortal x2  
  74  16:58  Gateway  
  74  16:59  Gateway  
  74  17:01  Gateway  
  66  17:06  Gateway  
  62  17:15  Probe (Chrono Boost)  
  63  17:25  Probe (Chrono Boost)  
  63  17:29  Colossus  
  69  17:30  Immortal  
  69  17:31  Probe (Chrono Boost)  
  69  17:35  Probe (Chrono Boost)  
  76  17:39  Probe (Chrono Boost)  
  76  17:44  Probe (Chrono Boost)  
  76  17:48  Twilight Council  
  76  17:51  Gateway  
  75  17:54  Gateway  
  75  17:59  Gateway  
  75  18:01  Gateway  
  75  18:04  Zealot  
  74  18:53  Probe (Chrono Boost)  
  66  19:03  Probe (Chrono Boost)  
  18  19:18  Zealot x5  
  18  19:19  Zealot x3  
  18  19:20  Zealot  
Show
View Real Time Build Order
Export as new Build Order

Mugaba Protoss 

Build Orders: Carriers 

Get SALT Encoding   

  12  0:00  Probe (Chrono Boost)  
  13  0:10  Probe (Chrono Boost)  
  14  0:16  Probe  
  15  0:26  Pylon  
  15  0:33  Assimilator  
  15  0:44  Probe  
  16  0:50  Gateway  
  16  0:57  Forge  
  16  1:05  Probe (Chrono Boost)  
  17  1:11  Pylon  
  17  1:15  Probe (Chrono Boost)  
  18  1:20  Probe (Chrono Boost)  
  19  1:34  Photon Cannon  
  19  1:40  Cybernetics Core  
  19  1:45  Zealot  
  21  2:13  Nexus  
  21  2:20  Probe  
  22  2:22  Warp Gate  
  22  2:25  Assimilator  
  22  2:33  Stalker  
  23  3:00  Stargate  
  23  3:04  Probe  
  24  3:16  Probe  
  25  3:25  Pylon  
  25  3:30  Probe (Chrono Boost)  
  25  3:33  Probe (Chrono Boost)  
  27  3:40  Probe (Chrono Boost), Pylon  
  28  3:43  Shield Battery  
  28  3:45  Probe (Chrono Boost)  
  33  3:56  Probe  
  33  4:00  Void Ray  
  34  4:05  Robotics Facility  
  34  4:08  Probe  
  35  4:17  Probe  
  35  4:20  Probe  
  35  4:23  Assimilator  
  37  4:29  Probe  
  38  4:32  Probe  
  38  4:35  Assimilator  
  39  4:41  Probe  
  39  4:45  Probe  
  41  4:50  Stargate  
  41  4:52  Observer  
  42  4:53  Probe  
  42  4:57  Probe  
  45  5:07  Probe (Chrono Boost)  
  45  5:09  Probe (Chrono Boost)  
  46  5:21  Probe (Chrono Boost)  
  52  5:24  Probe (Chrono Boost)  
  52  5:26  Probe (Chrono Boost)  
  53  5:29  Immortal  
  53  5:35  Probe  
  58  5:42  Phoenix  
  56  5:43  Phoenix  
  56  5:47  Probe  
  59  5:57  Protoss Air Weapons Level 1 (Chrono Boost)  
  59  6:17  Phoenix x2  
  59  6:24  Photon Cannon  
  59  6:29  Fleet Beacon  
  59  6:35  Pylon, Photon Cannon  
  59  6:41  Pylon  
  59  7:11  Phoenix x2  
  63  7:20  Pylon  
  63  7:21  Anion Pulse-Crystals (Chrono Boost)  
  63  7:32  Stargate  
  63  7:36  Phoenix  
  66  7:37  Probe  
  66  7:48  Protoss Air Armor Level 1  
  66  8:04  Robotics Bay  
  66  8:07  Pylon  
  66  8:10  Phoenix  
  70  8:26  Phoenix  
  69  8:35  Phoenix  
  69  8:37  Stalker  
  70  8:51  Phoenix  
  72  9:06  Phoenix  
  72  9:10  Colossus  
  72  9:12  Extended Thermal Lance, Pylon  
  72  9:14  Pylon  
  78  9:40  Nexus  
  78  9:52  Carrier  
  84  10:03  Photon Cannon  
  84  10:04  Immortal  
  84  10:06  Shield Battery  
  88  10:10  Carrier  
  94  10:22  Pylon  
  94  10:26  Pylon  
  88  11:14  Carrier  
  88  11:15  Carrier  
  100  11:27  Nexus  
  100  11:32  Carrier  
  106  11:37  Shield Battery  
  106  11:39  Pylon  
  106  11:54  Pylon  
  106  11:56  Colossus  
  106  11:59  Photon Cannon  
  112  12:01  Stalker, Photon Cannon  
  112  12:03  Photon Cannon  
  114  12:19  Carrier  
  120  12:30  Stargate  
  120  12:44  Assimilator  
  120  12:46  Assimilator  
  120  12:50  Probe  
  121  13:02  Probe  
  121  13:03  Shield Battery  
  96  13:14  Probe  
  96  13:15  Carrier  
  93  13:26  Probe  
  88  13:31  Carrier  
  92  13:36  Immortal  
  92  13:38  Probe  
  97  14:01  Carrier  
  101  14:22  Nexus  
  101  14:24  Immortal  
  105  14:47  Pylon  
  105  14:48  Pylon x2  
  105  14:51  Pylon x2  
  105  14:54  Pylon  
  105  14:55  Protoss Air Weapons Level 2 (Chrono Boost)  
  92  15:27  Carrier  
  82  16:04  Carrier  
  70  16:16  Immortal  
  74  16:21  Shield Battery  
  74  16:22  Forge  
  72  16:42  Void Ray  
  72  16:59  Carrier  
  82  17:35  Void Ray  
  82  17:36  Nexus  
  86  17:39  Void Ray  
  86  17:51  Shield Battery  
  86  18:12  Void Ray  
  90  18:15  Flux Vanes  
  90  18:45  Void Ray  
  94  18:59  Void Ray  
Tags
 
Add a new tag
Caveats
  • Supply blocks, unpowered buildings, or Contaminate may cause inaccurate times.
  • Supply counts are checked every 10 seconds.